 Dungeon Crawl Stone Soup version 0.18-a0-1560-ge216ca8 (webtiles) character file.

22479 Chiseanne the Nimble (level 12, -5/53 HPs)
             Began as a Spriggan Assassin on Mar 12, 2016.
             Was an Initiate of Gozag.
             Slain by a catoblepas (15 damage)
             ... on level 14 of the Dungeon.
             The game lasted 01:00:12 (16987 turns).

Chiseanne the Nimble (Spriggan Assassin)           Turns: 16987, Time: 01:00:12

Health: -5/53      AC:  5    Str:  7    XL:     12   Next: 63%
Magic:  13/13      EV:  4    Int: 13    God:    Gozag
Gold:   266        SH:  0    Dex: 22    Spells: 0 memorised, 11 levels left

rFire  + . .     SeeInvis +     a - +6 short sword (speed)
rCold  + . .     Gourm    .     X - +1 robe {rC+ rF+}
rNeg   + + +     Faith    .     d - +1 buckler of Soedey {*Drain +Blink rElec rCorr}
rPois  ∞         Spirit   .     (helmet restricted)
rElec  +         Dismiss  .     t - +1 cloak {rPois}
rCorr  +         Reflect  +     (gloves unavailable)
SustAt .         Harm     .     (boots unavailable)
MR     ++...                    j - +5 amulet of reflection
Stlth  +++++++...               y - ring of resist corrosion
                                I - +4 ring of evasion

@: petrified, very quick, very resistant to hostile enchantments, extremely
stealthy
A: unfitting armour, see invisible, herbivore 3, speed 3, slow metabolism 2
a: Potion Petition, Call Merchant, Bribe Branch, Renounce Religion, Evoke Blink


You were on level 14 of the Dungeon.
You worshipped Gozag.
Gozag was noncommittal.
You were full.

You visited 2 branches of the dungeon, and saw 15 of its levels.
You visited 1 bazaar.
You also visited: Ossuary.

You collected 3484 gold pieces.
You spent 1154 gold pieces at shops.
You paid 2064 gold pieces to Gozag.

Inventory:

Hand Weapons
 a - a +6 short sword of speed (weapon)
 e - a +2 hunting sling of velocity
 s - a +2 dagger of protection
 w - a +0 blowgun
 V - a +0 dagger of electrocution
Missiles
 c - 65 sling bullets
 f - 13 curare-tipped needles {!*}
 n - 19 sling bullets of flame
 D - 100 poisoned needles
 S - 20 exploding sling bullets
 T - a throwing net (quivered) {!*}
Armour
 d - the +1 buckler of Soedey (worn) {*Drain +Blink rElec rCorr}
   (You acquired it on level 13 of the Dungeon)

   It insulates you from electricity.
   It lets you blink.
   It protects you from acid and corrosion.
   It causes draining when unequipped.
 t - a +1 cloak of poison resistance (worn)
 B - a +2 buckler of positive energy
 N - a +0 robe of magic resistance
 X - a +1 robe of resistance (worn)
Jewellery
 j - a +5 amulet of reflection (around neck)
 r - an uncursed ring of flight
 y - a ring of resist corrosion (right hand)
 I - a +4 ring of evasion (left hand)
 K - an uncursed amulet of faith {unknown}
 Q - an uncursed ring of wizardry
Scrolls
 h - 4 scrolls of immolation
 m - a scroll of amnesia
 p - 5 scrolls of teleportation
 q - 9 scrolls of remove curse
 v - 5 scrolls of recharging
 R - a scroll of fog
 Z - a scroll of blinking
Potions
 b - 7 potions of curing
 i - 4 potions of brilliance
 k - 2 potions of might
 l - 3 potions of flight
 u - 3 potions of haste
 x - 4 potions of invisibility
 z - 5 potions of heal wounds
 A - 2 potions of magic
 E - 9 potions of lignification
 G - a potion of beneficial mutation {unknown}
 H - 2 potions of cure mutation {unknown}
 L - 2 potions of agility {unknown}
 W - 2 potions of ambrosia {unknown}
 Y - a potion of cancellation {unknown}
Books
 C - a book of Dreams

   Spells                             Type                      Level
   a - Ensorcelled Hibernation        Hexes/Ice                    2
   b - Silence                        Hexes/Air                    5
   c - Darkness                       Hexes                        6
   d - Shadow Creatures               Summoning                    6
Miscellaneous
 P - a disc of storms
Comestibles
 g - 9 bread rations
 F - 7 fruits
 U - 7 slices of pizza


   Skills:
 - Level 1.5 Fighting
 - Level 2.1 Short Blades
 - Level 2.0 Throwing
 + Level 14.4 Dodging
 - Level 14.0 Stealth
 * Level 12.4 Shields


You had 11 spell levels left.
You didn't know any spells.

Dungeon Overview and Level Annotations

Branches:
Dungeon (14/15)            Temple (1/1) D:4            Lair (0/8) D:11
    Orc (0/2) D:12
 Vaults: D:13-14

Altars:
Ashenzari
Cheibriados
Dithmenos
Elyvilon
Fedhas
Gozag
Kikubaaqudgha
Makhleb
Nemelex Xobeh
Okawaru
Pakellas
Qazlal
Ru
Sif Muna
Trog
Vehumet
Xom
Yredelemnul
Zin
The Shining One
Lugonu

Shops:
D:5 (   D:6 (   D:7 }   D:8 [   D:10 (   D:12 [

Annotations:
D:4 Grinder; bl4d3's ghost, amateur GrFi
D:12 exclusion: 2 doors
D:13 Uhlv's ghost, journeyman GrFi


Innate Abilities, Weirdness & Mutations

You are tiny and cannot use many weapons and most armour.
You have supernaturally acute eyesight.
You are a herbivore.
You cover ground extremely quickly.
You need consume almost no food.


Message History

The catoblepas is almost dead.
You are engulfed in calcifying dust.
You are slowing down.
You hit the catoblepas.
The catoblepas is almost dead.
You are engulfed in calcifying dust.
The catoblepas closely misses you.
Your limbs are stiffening.
Unknown command.
You hit the catoblepas.
The catoblepas is almost dead.
The catoblepas gores you!!
You have turned to stone.
The catoblepas gores you!!
The catoblepas breathes a plume of calcifying dust at you.
The blast of calcifying dust hits you!
You are engulfed in calcifying dust.
The catoblepas gores you!
You are engulfed in calcifying dust.
The catoblepas gores you!!
* * * LOW HITPOINT WARNING * * *
You are engulfed in calcifying dust.
The catoblepas gores you!!
You die...
Your body crumbles into a pile of gold.

######### #.......#
#.#.#Y#.#
#.....@.#######
######.#.#.#§.......
..............§......
........)#.#.#........
#..................>...
#...........#.##.......
#...........'.# .......
+...........### .......
#...........# ...[...


You could see a catoblepas.

Vanquished Creatures
  2 centaur warriors (D:13)
  Erica (D:9)
  3 hill giants
  2 unseen horrors
  An orb spider (shapeshifter) (D:13)
  2 ugly things
  3 deep elf magi (D:13)
  A manticore (D:13)
  3 cyclopes
  A centaur zombie (D:10)
  An elephant (D:11)
  Psyche (D:8)
  Maurice (D:8)
  Joseph (D:9)
  A kobold demonologist (D:8)
  2 two-headed ogres
  2 trolls
  12 yaks
  Eustachio (D:3)
  A wyvern (D:10)
  A human (D:9)
  Grum (D:9)
  6 hippogriffs
  3 wargs (D:12)
  Edmund (D:6)
  A water moccasin (D:6)
  An orc warrior (D:12)
  3 black bears
  3 eyes of draining (D:5)
  2 ice beasts
  9 sky beasts
  A phantom (D:12)
  5 ogres
  2 wolves (D:9)
  9 centaurs
  A crocodile (D:12)
  4 big kobolds
  5 giant frogs
  4 water moccasin zombies (Ossuary)
  3 scorpions
  13 killer bees
  20 wights
  9 howler monkeys
  2 vampire bats (D:7)
  6 crimson imps
  A quasit (D:9)
  2 giant frog zombies
  4 hounds
  4 jellies
  4 orc priests
  A centaur skeleton (D:9)
  2 giant frog skeletons
  15 orc wizards
  Jessica (D:2)
  5 iguanas
  5 worker ants
  5 sheep
  2 big kobold zombies (Ossuary)
  2 hound zombies
  2 hound skeletons
  2 mummies (Ossuary)
  2 worker ant zombies
  13 gnolls
  7 adders
  2 shadow imps
  An ooze (D:3)
  4 adder zombies (Ossuary)
  3 worms
  5 giant geckos
  24 orcs
  3 ball pythons
  4 giant cockroaches
  7 gnoll zombies (Ossuary)
  2 goblins
  4 hobgoblins
  15 jackals
  8 quokkas
  14 bats
  3 giant newts
  2 goblin skeletons (D:6)
  2 goblin zombies (D:6)
  5 hobgoblin zombies
  24 kobolds
  4 kobold skeletons (D:6)
  7 kobold zombies
  An orc skeleton (D:6)
  An orc zombie (Ossuary)
  A quokka skeleton (D:7)
  A quokka zombie (D:5)
  7 rats
  A rat zombie (D:6)
  A spectral orc (D:3)
  A fungus (D:11)
393 creatures vanquished.

Vanquished Creatures (collateral kills)
  A wight (D:9)
1 creature vanquished.

Vanquished Creatures (others)
  A hungry ghost (D:9)
  A water moccasin zombie (Ossuary)
  2 adder zombies (Ossuary)
4 creatures vanquished.

Grand Total: 398 creatures vanquished

Notes
Turn   | Place    | Note
--------------------------------------------------------------
     0 | D:1      | Chiseanne the Spriggan Assassin began the quest for the Orb.
     0 | D:1      | Reached XP level 1. HP: 10/10 MP: 2/2
   284 | D:1      | Reached XP level 2. HP: 14/14 MP: 3/3
   998 | D:2      | Reached XP level 3. HP: 18/18 MP: 4/4
  1034 | D:2      | Noticed Jessica
  1038 | D:2      | Killed Jessica
  1205 | D:2      | Found a radiant altar of Vehumet.
  1208 | D:2      | Identified Vehumet's Disquisition on Damage Dealing
  1213 | D:2      | Found an ancient bone altar of Kikubaaqudgha.
  1214 | D:2      | Found a deep blue altar of Sif Muna.
  1612 | D:3      | Reached XP level 4. HP: 22/22 MP: 5/5
  1838 | D:3      | Found a basalt altar of Yredelemnul.
  2482 | D:4      | Found a staircase to the Ecumenical Temple.
  2495 | Temple   | Entered the Ecumenical Temple
  2706 | Temple   | Became a worshipper of Gozag Ym Sagoz the Greedy
  2724 | D:4      | Noticed Grinder
  2726 | D:4      | Reached XP level 5. HP: 19/25 MP: 6/6
  2736 | D:4      | Noticed Eustachio
  2889 | D:3      | Killed Eustachio
  2889 | D:3      | Reached skill level 5 in Dodging
  2889 | D:3      | Reached XP level 6. HP: 27/30 MP: 7/7
  2930 | D:4      | Noticed bl4d3's ghost (amateur GrFi)
  2993 | D:4      | Reached skill level 10 in Stealth
  3009 | D:5      | Entered Level 5 of the Dungeon
  3551 | D:4      | Reached XP level 7. HP: 33/33 MP: 8/8
  3850 | D:5      | Found Onleeko's Weapon Shoppe.
  3858 | D:5      | Noticed a yak
  3859 | D:5      | Noticed a yak
  3861 | D:5      | Noticed a yak
  4128 | D:5      | Killed a yak
  4602 | D:5      | Found a white marble altar of Elyvilon.
  4676 | D:5      | Killed a yak
  4713 | D:5      | Killed a yak
  4713 | D:5      | Reached XP level 8. HP: 24/37 MP: 9/9
  4916 | D:5      | Found a shadowy altar of Dithmenos.
  4916 | D:5      | Found an iron altar of Okawaru.
  4934 | D:5      | Found a bloodstained altar of Trog.
  4944 | D:5      | Reached skill level 1 in Shields
  5342 | D:5      | Found a blossoming altar of Fedhas.
  5655 | D:6      | Noticed Edmund
  5677 | D:6      | Killed Edmund
  5718 | D:6      | Found a sand-covered staircase.
  5763 | Ossuary  | Entered an ossuary
  6216 | Ossuary  | Reached XP level 9. HP: 41/41 MP: 10/10
  6648 | D:6      | Found Tuotzasi's Weapon Boutique.
  6651 | D:6      | Bought a +5 short sword of speed for 432 gold pieces
  6770 | D:6      | Found a glowing golden altar of the Shining One.
  6906 | D:6      | Found a sacrificial altar of Ru.
  7225 | D:7      | Reached skill level 5 in Shields
  7265 | D:7      | Found a shattered altar of Ashenzari.
  8147 | D:7      | Found an oddly glowing altar of Pakellas.
  8147 | D:7      | Found Pakellas's Prime Provisions.
  8876 | D:8      | Noticed Psyche
  8879 | D:8      | Killed Psyche
  8879 | D:8      | Reached XP level 10. HP: 46/46 MP: 11/11
  9046 | D:8      | Bought a glowing robe for 20 gold pieces
  9325 | D:8      | Noticed a hill giant
  9422 | D:8      | Killed a hill giant
  9465 | D:8      | Noticed a sun demon
  9795 | D:8      | Noticed a white ugly thing
  9810 | D:8      | Killed a white ugly thing
  9848 | D:8      | Noticed Maurice
  9852 | D:8      | Killed Maurice
 10595 | D:9      | Noticed Joseph
 10614 | D:9      | Killed Joseph
 10614 | D:9      | Reached skill level 10 in Shields
 10614 | D:9      | Reached XP level 11. HP: 37/49 MP: 12/12
 10680 | D:9      | Noticed Grum
 10706 | D:9      | Killed Grum
 11136 | D:9      | Noticed Erica
 11141 | D:9      | Killed Erica
 11141 | D:9      | Reached skill level 10 in Dodging
 11267 | D:10     | Entered Level 10 of the Dungeon
 13237 | D:11     | Found a staircase to the Lair.
 13851 | D:11     | Noticed an unseen horror
 13858 | D:11     | Killed an unseen horror
 14279 | D:12     | Noticed a hill giant
 14287 | D:12     | Killed a hill giant
 14287 | D:12     | Reached XP level 12. HP: 53/53 MP: 13/13
 14378 | D:12     | Bought a +2 buckler of positive energy for 259 gold pieces
 14684 | D:12     | Found a staircase to the Orcish Mines.
 15125 | D:12     | Noticed a four-headed hydra
 15913 | D:13     | Noticed a centaur warrior
 15916 | D:13     | Killed a centaur warrior
 15935 | D:13     | Noticed a centaur warrior
 15943 | D:13     | Noticed Uhlv's ghost (journeyman GrFi)
 15968 | D:13     | Found a flickering gateway to a bazaar.
 15974 | Bazaar   | Entered a bazaar
 15974 | Bazaar   | Found Toishrai's Antique Armour Shop.
 15981 | Bazaar   | Bought an embroidered cloak for 67 gold pieces
 16066 | Bazaar   | Found Ucsaegop's Antique Weapon Shop.
 16086 | Bazaar   | Found Coilim's Distillery.
 16094 | Bazaar   | Bought a potion of degeneration for 16 gold pieces
 16094 | Bazaar   | Bought a potion of mutation for 40 gold pieces
 16098 | Bazaar   | Bought 2 potions of curing for 96 gold pieces
 16098 | Bazaar   | Bought a potion of curing for 48 gold pieces
 16098 | Bazaar   | Bought a potion of curing for 48 gold pieces
 16098 | Bazaar   | Bought a potion of invisibility for 128 gold pieces
 16355 | D:13     | Killed a centaur warrior
 16816 | D:13     | Identified a scroll of acquirement
 16817 | D:13     | Got a spiked buckler
 16828 | D:13     | Identified the +1 buckler of Soedey {*Drain +Blink rElec rCorr} (You acquired it on level 13 of the Dungeon)
 16969 | D:14     | Noticed a catoblepas
 16987 | D:14     | Slain by a catoblepas

Vault maps used:
D:1:      minmay_arrival_solitary_statue, minmay_misc_feat_five
D:2:      grunt_temple_overflow_magic_moments, minivault_25, uniq_jessica
D:3:      yredelemnul_forgotten_temple_becter, first_bread,
          minmay_splitting_lines, guppyfry_early_lair_pool
D:4:      minmay_temple_entry_water_ring, minivault_26, uniq_grinder,
          uniq_eustachio
D:5:      lemuel_crystal_altar, overflow_temple_1_default,
          trog_eyes_of_draining, gammafunk_temple_overflow_wave, serial_shops,
          nicolae_shop_trees
D:6:      kennysheep_mini, nicolae_tso_besieged_by_evil, serial_shops,
          kennysheep_mini_moat, enter_ossuary_4, uniq_edmund
D:7:      johnstein_pakellas_shop, lemuel_crystal_altar, roderic_batcave
D:8:      kennysheep_blocky_room, uniq_maurice, uniq_psyche
D:9:      grunt_livestock, uniq_grum, uniq_joseph, uniq_erica
D:11:     david_lair_generic
D:12:     minmay_orc_entry_guard_dogs, hangedman_abyss_or_decor_clamps
D:13:     serial_shops, bzr_entry_safe
D:14:     david_vaults_1, serial_shops, nicolae_shop_waterfront, serial_glass,
          glass_columns_b, glass_columns_b, kennysheep_generic_room_13
Temple:   corrupted_temple
Bazaar:   bazaar_jpeg_cross
Ossuary:  ossuary_tomb_2

Skill      XL: |  1  2  3  4  5  6  7  8  9 10 11 12 |
---------------+-------------------------------------+-----
Stealth        | 6 7 8 9 10 12 14 | 14.0
Dodging        | 2 3 4 5 6 8 9 12 14 | 14.4
Shields        | 3 7 10 11 12 | 12.4
Fighting       | |  1.5
Short Blades   | |  2.1
Throwing       | |  2.0

Action                   |  1- 3 |  4- 6 |  7- 9 | 10-12 || total
-------------------------+-------+-------+-------+-------++-------
Melee: Dagger            |    57 |   205 |   353 |       ||   615
       Short sword       |       |       |   238 |  1089 ||  1327
 Fire: Blowgun           |     3 |    31 |    35 |    44 ||   113
       Hunting sling     |       |       |     2 |       ||     2
Invok: Call Merchant     |       |       |       |     3 ||     3
Evoke: Wand              |       |       |     2 |    15 ||    17
  Use: Scroll            |     9 |     1 |     8 |     9 ||    27
       Potion            |       |       |       |     2 ||     2
 Stab: Sleeping          |    17 |    11 |    44 |    57 ||   129
       Distracted        |     1 |     1 |     6 |    11 ||    19
       Held in net/web   |       |       |       |     1 ||     1
       Confused          |       |       |       |     2 ||     2
  Eat: Fruit             |       |       |     6 |     7 ||    13
       Pizza             |       |       |     2 |       ||     2
       Royal jelly       |       |       |       |     2 ||     2
